 Dungeon Crawl Stone Soup version 0.24.0-13-gcf9b319 (webtiles) character file.

Game seed: 17238126637781711443, levelgen mode: deterministic

35 Bronimir the Insei (level 3, -5/23 HPs)
             Began as an Octopode Transmuter on Mar 29, 2020.
             Killed from afar by an orc wizard (7 damage)
             ... with a magic dart
             ... on level 2 of the Dungeon.
             The game lasted 00:03:17 (1754 turns).

Bronimir the Insei (Octopode Transmuter)            Turns: 1754, Time: 00:03:18

Health: -5/23      AC:  1    Str:  9    XL:     3   Next: 33%
Magic:  1/6        EV: 13    Int: 16    God:
Gold:   136        SH:  0    Dex: 12    Spells: 3/6 levels left

rFire    . . .     SeeInvis +     - Unarmed
rCold    . . .     Gourm    .   (no shield)
rNeg     . . .     Faith    .   (helmet restricted)
rPois    .         Spirit   .   (no amulet)
rElec    .         Reflect  .   p - ring of see invisible
rCorr    .         Harm     .   (no ring)
MR       .....                  (no ring)
Stlth    ++........             (no ring)
HPRegen  0.07/turn              (no ring)
MPRegen  0.10/turn              (no ring)
                                (no ring)
                                (no ring)

@: appendage
A: almost no armour, stealthy swim, amphibious, 8 rings, constrict 8, tentacle
spike 3, camouflage 1, gelatinous body 1
a: End Transformation


You were on level 2 of the Dungeon.
You were not hungry.
One of your tentacles had a temporary spike.
You visited 1 branch of the dungeon, and saw 2 of its levels.

You collected 136 gold pieces.

Inventory:

Hand Weapons
 b - a +0 hunting sling
 k - a +0 spear
Missiles
 a - 29 arrows
 g - 7 poisoned darts (quivered)
 n - 17 sling bullets
Jewellery
 p - a ring of see invisible (left tentacle)
Scrolls
 f - a scroll of enchant weapon {unknown}
 h - a scroll of remove curse {unknown}
 i - a scroll of random uselessness {unknown}
 j - 2 scrolls of identify {unknown}
 m - a scroll of teleportation {unknown}
 o - 2 scrolls of fear {unknown}
Potions
 d - 3 potions of heal wounds {unknown}
 e - a potion of mutation {unknown}
 l - a potion of curing {unknown}
Comestibles
 c - 4 rations


   Skills:
 + Level 1.0 Fighting
 + Level 0.4 Throwing
 * Level 2.0 Dodging
 * Level 4.0 Unarmed Combat
 + Level 2.2 Spellcasting
 * Level 2.1 Transmutations


You had 3 spell levels left.
You knew the following spells:

 Your Spells              Type           Power        Failure   Level  Hunger
a - Beastly Appendage     Tmut           #.....       9%          1    #......
b - Sticks to Snakes      Tmut           #.......     13%         2    ###....

Your spell library contained the following spells:

 Spells                   Type           Power        Failure   Level  Hunger
 Spider Form              Tmut/Pois      #.........   36%         3    ###....
 Ice Form                 Ice/Tmut       #.......     78%         4    #####..
 Blade Hands              Tmut           #.........   94%         5    ######.


Dungeon Overview and Level Annotations

Branches:
Dungeon (2/15)

Altars:
Cheibriados
Elyvilon


Innate Abilities, Weirdness & Mutations

You cannot wear most types of armour.
You are very stealthy in the water. (Stealth+)
You are amphibious.
You can wear up to eight rings at the same time.
You can use your tentacles to constrict eight enemies at once.
Your skin changes colour to match your surroundings (Stealth+).
Your rubbery body absorbs attacks. (AC +1, EV +1)
One of your tentacles bears a large vicious spike.


Message History

You kill the rat!
You swap places.
The orc wizard gestures at you while chanting.
The puff of flame hits you!
* * * LOW HITPOINT WARNING * * *
Your ball python misses the orc wizard.
Your ball python grabs the orc wizard.
Your ball python constricts the orc wizard.
The orc wizard hits your ball python with a +0 dagger.
Your ball python dies!
The orc wizard struggles to escape constriction.
Your ball python bites the orc wizard but does no damage.
Your ball python constricts the orc wizard.
The orc wizard points at you and mumbles some strange words.
The puff of flame hits you.
* * * LOW HITPOINT WARNING * * *
Your ball python bites the orc wizard but does no damage.
Your ball python constricts the orc wizard.
The orc wizard points at you and mumbles some strange words.
The magic dart hits you!
You die...

#...##..#
######..#
##.# #.#
#.# #.#
#>######
#.##...
#@##?#
#....#
###..#
#.†#
#.Soo.._.
##.##..(.
#.# ..?
#.# .#
#.# #


You could see 2 orc wizards and a friendly ball python.

Vanquished Creatures
  A dart slug (D:1)
  2 leopard geckos (D:2)
  3 orcs (D:2)
  A bat (D:1)
  A giant cockroach (D:1)
  6 hobgoblins
  6 kobolds
  2 frilled lizards (D:1)
  A goblin (D:1)
  5 rats
28 creatures vanquished.

Notes
Turn   | Place    | Note
-------+----------+-------------------------------------------
     0 | D:1      | Bronimir the Octopode Transmuter began the quest for the
                  | Orb.
     0 | D:1      | Reached XP level 1. HP: 13/13 MP: 3/3
   290 | D:1      | Reached XP level 2. HP: 6/18 MP: 5/5
  1339 | D:2      | Learned a level 2 spell: Sticks to Snakes
  1445 | D:2      | Reached XP level 3. HP: 23/23 MP: 3/6
  1564 | D:2      | Found a white marble altar of Elyvilon.
  1665 | D:2      | Reached skill level 4 in Unarmed Combat
  1744 | D:2      | Found a snail-covered altar of Cheibriados.
  1754 | D:2      | Killed from afar by an orc wizard

Levels and vault maps discovered:
D:1:      wheals_arrival_linesprint, layout_rooms, chequers_serial_rivers_room_b
D:2:      layout_basic, lemuel_round_altar, nicolae_overflow_crystal_walls,
          kennysheep_generic_room_15

Skill      XL: |  1  2  3 |
---------------+----------+-----
Unarmed Combat | 4 |  4.0
Fighting       | |  1.0
Throwing       | |  0.4
Dodging        | |  2.0
Spellcasting   | |  2.2
Transmutations | |  2.1

Action                   || total
-------------------------++-------
Melee: Unarmed           ||    58
       Constrict         ||    17
       Kick              ||     7
       Tentacles         ||     7
       Punch             ||     2
 Fire: Hunting sling     ||     1
Throw: Dart              ||     9
 Cast: Beastly Appendage ||    10
       Sticks to Snakes  ||     7
  Eat: Chunk             ||     3
Armor: Skin              ||     2
Dodge: Dodged            ||    31
